 Dungeon Crawl Stone Soup version 0.29.1-15-g9cfb28693d (webtiles) character file.

Game seed: 4752285265602323772

997 leafyfresh the Covert (level 8, 0/57 HPs)
             Began as an Octopode Delver on Mar 5, 2023.
             Slain by an iguana (13 damage)
             ... on level 4 of the Dungeon.
             The game lasted 00:08:11 (6730 turns).

leafyfresh the Covert (Octopode Delver)             Turns: 6730, Time: 00:08:11

Health: 0/57       AC:  1    Str: 12    XL:     8   Next: 19%
Magic:  8/8        EV: 13    Int: 14    God:
Gold:   248        SH:  0    Dex: 19    Spells: 5/7 levels left

rFire   . . .      SeeInvis +   r - +3 dagger (speed)
rCold   . . .      Faith    .   (no shield)
rNeg    . . .      Spirit   .   (helmet restricted)
rPois   .          Reflect  .   (no amulet)
rElec   .          Harm     .   n - +6 ring of dexterity
rCorr   .          Rampage  .   p - ring of see invisible
Will    .....                   (no ring)
Stlth   +++.......              (no ring)
HPRegen 0.19/turn               (no ring)
MPRegen 0.11/turn               (no ring)
                                (no ring)
                                (no ring)

@: confused, grasped by roots, constricted
A: almost no armour, amphibious, 8 rings, camouflage 1, gelatinous body 1,
(nimble swimmer 1), tentacles
a: no special abilities


You were on level 4 of the Dungeon.
You visited 2 branches of the dungeon, and saw 6 of its levels.

You collected 248 gold pieces.

Inventory:

Hand Weapons
 a - a +0 short sword
 m - a +0 hand axe of flaming
 r - a +3 dagger of speed (weapon)
Armour
 q - the +1 robe of Mell {rElec rPois Regen+}
   (You found it on level 2 of the Dungeon)

   rElec:     It insulates you from electricity.
   rPois:     It protects you from poison.
   Regen:     It increases your rate of health regeneration.
Jewellery
 n - a +6 ring of dexterity (left tentacle)
 p - a ring of see invisible (right tentacle)
Wands
 d - a wand of polymorph (10)
 f - a wand of digging (10)
Scrolls
 b - a scroll of fog
 c - 4 scrolls of magic mapping
 g - 6 scrolls of identify {unknown}
 h - a scroll of enchant weapon {unknown}
 i - a scroll of torment {unknown}
 j - a scroll of enchant armour {unknown}
 l - 4 scrolls of immolation {unknown}
 o - 2 scrolls of poison {unknown}
 s - 2 scrolls of blinking {unknown}
 u - a scroll of amnesia {unknown}
 y - a scroll of teleportation {unknown}
Potions
 e - a potion of heal wounds {unknown}
 k - a potion of brilliance {unknown}
 t - a potion of flight {unknown}
 v - a potion of curing {unknown}
 w - a potion of might {unknown}
 x - a potion of resistance {unknown}
 z - a potion of berserk rage {unknown}


   Skills:
 + Level 6.1 Fighting
 - Level 2.0 Short Blades
 + Level 5.6 Dodging
 + Level 10.1 Stealth


You had 5 spell levels left.
You knew the following spells:

 Your Spells              Type           Power      Damage    Failure   Level
a - Blink                 Tloc           0%         N/A       41%         2

Your spell library contained the following spells:

 Spells                   Type           Power      Damage    Failure   Level
 Ensorcelled Hibernation  Hex/Ice        0%         N/A       41%         2
 Passwall                 Tmut/Erth      0%         N/A       41%         2
 Gell's Gravitas          Tloc           0%         N/A       65%         3
 Lesser Beckoning         Tloc           0%         N/A       65%         3
 Swiftness                Air            0%         N/A       65%         3
 Teleport Other           Tloc           0%         N/A       65%         3
 Manifold Assault         Tloc           0%         N/A       100%        5


Dungeon Overview and Level Annotations

Branches:
Dungeon (5/15)             Temple (1/1) D:4

Altars:
Cheibriados
Elyvilon
Fedhas
Hepliaklqana
Makhleb
Okawaru
Qazlal
Sif Muna
Uskayaw
Vehumet
Wu Jian
Xom
Yredelemnul
Zin
The Shining One

Annotations:
D:4 Edmund
D:5 1 transporter, leafyfresh's ghost, weakling OpDe


Innate Abilities, Weirdness & Mutations

You cannot wear most types of armour.
You are amphibious.
You can wear up to eight rings at the same time.
Your skin changes colour to match your surroundings (Stealth+).
Your rubbery body absorbs attacks. (AC +1, EV +1)
((You are camouflaged when in or above water. (Stealth+)))
You have tentacles for arms and can constrict up to eight enemies at once.


Message History

You climb upwards.
Level annotation: Edmund
There is a stone staircase leading down here.
Edmund shouts!
You hit the orc wizard but do no damage.
Your grab misses the orc wizard. You squeeze the orc wizard.
The orc wizard is moderately wounded.
The orc wizard casts a spell at you. The puff of flame hits you!
The iguana bites you! The orc completely misses you.
You hit the orc wizard. You grab the orc wizard.
You squeeze the orc wizard, but do no damage.
The orc wizard is moderately wounded.
You constrict the orc wizard, but do no damage.
The orc wizard gestures at you while chanting.
You are confused.
The iguana misses you. The orc barely misses you.
You bump into the rock wall.
You constrict the orc wizard.
The orc wizard hits you with a +0 dagger.
The iguana misses you. The orc barely misses you.
You hit the orc wizard. Your squeeze misses the orc wizard.
The orc wizard is heavily wounded.
You constrict the orc wizard. You hit the orc wizard.
The orc wizard is almost dead.
You constrict the orc wizard.
The orc wizard gestures at you while chanting.
The magic dart hits you!
* * * LOW HITPOINT WARNING * * *
The iguana hisses menacingly.
The iguana closely misses you. The orc misses you.
You bump into the rock wall.
You constrict the orc wizard.
You kill the orc wizard!
Edmund zaps a wand.
The roots erupt in riotous growth!
The iguana is unaffected.
The grasping roots grab you!
The orc is unaffected.
The grasping roots constrict you.
* * * LOW HITPOINT WARNING * * *
The iguana bites you!
You die...

#...# #. #...# #.
#...# ## #...# #
#...# #
#######...######
##...............
##).#####...######
#@o...............
#l#........#######
#.#........# #
#.#........# #
#@########## ##
#.# ##### #.
########
#.#######...### #.
#......#
#.#.......<...# #.
#......#
####.#.#####...#.#
#.


You could see Edmund, an iguana and an orc.

Vanquished Creatures
  Duvessa (D:4)
  A black bear (D:4)
  An ogre (D:5)
  A phantom (D:4)
  A necrophage (D:4)
  A scorpion (D:4)
  Dowan (D:4)
  A howler monkey (D:5)
  A hound (D:5)
  An orc priest (D:4)
  A jelly (D:3)
  4 orc wizards
  A hound zombie (D:3)
  2 hound skeletons (D:3)
  6 gnolls
  8 adders
  A shadow imp (D:4)
  2 worms
  A dart slug (D:4)
  13 orcs
  9 ball pythons
  5 bats
  4 endoplasms
  9 giant cockroaches
  6 goblins
  8 hobgoblins
  2 kobolds
  4 quokkas
  4 frilled lizards
  A quokka skeleton (D:3)
  3 rats
104 creatures vanquished.

Notes
Turn   | Place    | Note
-------+----------+-------------------------------------------
     0 | D:5      | leafyfresh the Octopode Delver began the quest for the Orb.
     0 | D:5      | Reached XP level 1. HP: 16/16 MP: 1/1
    42 | D:5      | Noticed a hound
    51 | D:5      | Killed a hound
    52 | D:5      | Reached skill level 7 in Stealth
    52 | D:5      | Reached XP level 2. HP: 16/21 MP: 2/2
    52 | D:5      | Reached XP level 3. HP: 20/26 MP: 3/3
   130 | D:5      | Noticed an ice beast
   142 | D:4      | Found a hide-covered altar of Uskayaw.
   219 | D:4      | Found a burning altar of Makhleb.
   422 | D:4      | Noticed a necrophage
   429 | D:4      | Killed a necrophage
   430 | D:4      | Reached XP level 4. HP: 33/33 MP: 4/4
   690 | D:3      | Reached XP level 5. HP: 31/37 MP: 5/5
   957 | D:3      | Reached skill level 8 in Stealth
  1434 | D:3      | Reached XP level 6. HP: 44/44 MP: 6/6
  2417 | D:2      | Identified the +1 robe of Mell {rElec rPois Regen+}
  2574 | D:2      | Found a shimmering blue altar of Sif Muna.
  3412 | D:1      | Found a faded altar of an unknown god.
  4073 | D:3      | Learned a level 2 spell: Blink
  4123 | D:4      | Found a staircase to the Ecumenical Temple.
  4133 | Temple   | Entered the Ecumenical Temple
  4206 | D:4      | Reached skill level 5 in Fighting
  4206 | D:4      | Reached XP level 7. HP: 29/50 MP: 7/7
  4433 | D:4      | Reached skill level 9 in Stealth
  4963 | D:4      | Noticed Dowan
  4965 | D:4      | Noticed Duvessa
  4986 | D:4      | Killed Dowan
  4987 | D:4      | Reached skill level 5 in Dodging
  4990 | D:4      | Killed Duvessa
  5523 | D:4      | Reached XP level 8. HP: 53/57 MP: 8/8
  5604 | D:4      | Noticed Edmund
  6241 | D:5      | Noticed leafyfresh's ghost (weakling OpDe)
  6242 | D:5      | Found a transporter.
  6309 | D:5      | Reached skill level 10 in Stealth
  6730 | D:4      | Slain by an iguana

Illustrated notes

Levels and vault maps discovered:
D:1:      scummos_arrival_hexagon, layout_loops_corners,
          hellmonk_ecumenical_altar_lost_god
D:2:      layout_basic, basic_altar
D:3:      layout_loops_ring, serial_undead, serial_undead_f, serial_undead_a,
          serial_undead_c, serial_undead_b, serial_park_tiny_2,
          minmay_diced_spiral
D:4:      layout_basic, lemuel_crystal_altar, eat_drink_and_be_merry_uskayaw,
          minmay_temple_entry_antechambers, uniq_duvessa, uniq_edmund
D:5:      layout_cave_pools, gammafunk_ghost_mausoleum
Temple:   nicolae_temple_ecumenical_triangle

Skill      XL: |  1  2  3  4  5  6  7  8 |
---------------+-------------------------+-----
Stealth        | 7 8 9 10 | 10.1
Dodging        | 3 4 5 |  5.6
Fighting       | 4 5 6 |  6.1
Short Blades   | |  2.0

Action                   |  1- 3 |  4- 6 |  7- 9 || total
-------------------------+-------+-------+-------++-------
Melee: Short sword       |    10 |   105 |       ||   115
       Tentacles         |     5 |    30 |    22 ||    57
       Constrict         |     4 |    28 |    16 ||    48
       Dagger            |       |    29 |   100 ||   129
       Punch             |       |     1 |       ||     1
       Unarmed           |       |       |    17 ||    17
  Use: Scroll            |       |       |     2 ||     2
       Potion            |       |       |     1 ||     1
 Stab: Sleeping          |     2 |    35 |     1 ||    38
       Confused          |       |       |     1 ||     1
Armor: Skin              |       |     5 |     6 ||    11
Dodge: Dodged            |     6 |    50 |    66 ||   122
